 Dungeon Crawl Stone Soup version 0.18.1-50-g88ac8fd (webtiles) character file.

255 KarmaPolice the Magician (level 5, 0/46 HPs)
             Began as a High Elf Wizard on Sept 20, 2016.
             Succumbed to a worker ant's poison
             ... on level 4 of the Dungeon.
             The game lasted 00:20:20 (4570 turns).

KarmaPolice the Magician (High Elf Wizard)          Turns: 4570, Time: 00:20:20

Health: 0/46       AC: 22    Str:  6    XL:     5   Next: 91%
Magic:  3/13       EV:  2    Int: 22    God:
Gold:   216        SH:  0    Dex: 14    Spells: 5 memorised, 4 levels left

rFire  . . .     SeeInvis .     (no weapon)
rCold  . . .     Gourm    .     (armour currently unavailable)
rNeg   + + +     Faith    .     (no shield)
rPois  +         Spirit   .     (helmet currently unavailable)
rElec  .         Dismiss  .     (cloak currently unavailable)
rCorr  .         Reflect  .     (gloves currently unavailable)
SustAt .         Harm     .     (boots currently unavailable)
MR     .....     NoTele   +     (no amulet)
Stlth  +++.......               m - +2 ring of slaying
                                (no ring)

@: lethally poisoned (0 -> -9), tree-form, not resistant to hostile
enchantments, fairly stealthy
A: no striking features
a: no special abilities


You were on level 4 of the Dungeon.
You were not hungry.
You were a tree.
You visited 1 branch of the dungeon, and saw 4 of its levels.

You collected 216 gold pieces.

Inventory:

Armour
 a - a +0 robe (melded)
 p - a +0 cloak (melded)
 z - a +1 helmet (melded)
Jewellery
 g - a +5 ring of strength
 m - a +2 ring of slaying (right branch)
Scrolls
 h - 2 scrolls of fear {unknown}
 i - a scroll of identify
 k - a scroll of amnesia {unknown}
 l - 3 scrolls of random uselessness
 o - a scroll of noise {unknown}
 q - 4 scrolls of remove curse
 s - a scroll of magic mapping {unknown}
 t - a scroll of fog {unknown}
 w - a scroll of enchant armour {unknown}
 y - a scroll of immolation {unknown}
Potions
 e - a potion of cancellation {unknown}
 j - a potion of lignification
 r - a potion of haste {unknown}
 x - 2 potions of degeneration {unknown}
Books
 c - a book of Minor Magic

   Spells                             Type                      Level
   a - Magic Dart                     Conjuration                  1
   b - Blink                          Translocation                2
   c - Call Imp                       Summoning                    2
   d - Repel Missiles                 Charms/Air                   2
   e - Slow                           Hexes                        2
   f - Conjure Flame                  Conjuration/Fire             3
   g - Mephitic Cloud                 Conjuration/Poison/Air       3
Comestibles
 d - 4 bread rations
 f - 2 meat rations
 u - 2 beef jerkies
 v - 2 fruits


   Skills:
 - Level 2.1 Dodging
 - Level 2.1 Stealth
 + Level 5.0 Spellcasting
 + Level 3.2 Conjurations
 - Level 0.6 Hexes
 + Level 2.7 Summonings
 - Level 1.1 Translocations
 + Level 2.6 Air Magic


You had 4 spell levels left.
You knew the following spells:

 Your Spells              Type           Power        Failure   Level  Hunger
a - Magic Dart            Conj           ###.         2%          1    None
b - Blink                 Tloc           N/A          12%         2    None
c - Call Imp              Summ           ###.....     6%          2    None
d - Slow                  Hex            #.......     14%         2    None
e - Mephitic Cloud        Conj/Pois/Air  ##......     14%         3    ##.....


Dungeon Overview and Level Annotations

Branches:
Dungeon (4/15)
 Temple: D:4-7

Altars:
The Shining One

Annotations:
D:3 Rexou's ghost, weakling HEAM


Message History

* * * LOW HITPOINT WARNING * * *
You feel sick.
You cannot move.
Unknown command.
You cannot move.
You hit the ogre.
The ogre is lightly wounded.
* * * LOW HITPOINT WARNING * * *
You feel sick. The ogre hits you with a giant club!
* * * LOW HITPOINT WARNING * * *
An orc comes into view.
You smack the ogre!
The ogre is heavily wounded.
* * * LOW HITPOINT WARNING * * *
You feel sick.
Your crimson imp blinks!
An orc comes into view. It is wielding a flail.
You hit the ogre.
The ogre is heavily wounded.
You die...

#.# ..o # .o. #. #.#
#.##.##o# #...5...#
?....?..# .# #O# ### .##.
#♣# #.. O##.##§# #.#
.##.##.# #.# .##.##5# #.#
.##.##.# #.# .....
####.##.##.###.#####(...?..
#....##.##.#.............#
#.##.......#.#.#######..
#.#####.####.#....#


You could see an ogre, 3 orcs and a friendly crimson imp.

Vanquished Creatures
  A phantom (D:4)
  A worker ant (D:4)
  A gnoll (D:4)
  2 adders
  3 giant geckos
  2 giant cockroaches
  7 goblins
  5 hobgoblins
  A jackal (D:3)
  A quokka (D:2)
  4 bats
  A giant newt (D:2)
  4 kobolds
  7 rats
40 creatures vanquished.

Vanquished Creatures (collateral kills)
  2 hounds (D:4)
  A worker ant (D:4)
  2 gnolls (D:4)
  An adder (D:2)
  A dart slug (D:3)
  2 worms (D:2)
  A giant gecko (D:2)
  2 bats
  2 giant cockroaches (D:2)
  2 hobgoblins
  6 jackals
  A quokka (D:2)
  2 kobolds (D:2)
  A rat (D:3)
26 creatures vanquished.

Vanquished Creatures (others)
  A hobgoblin (D:2)
1 creature vanquished.

Grand Total: 67 creatures vanquished

Notes
Turn   | Place    | Note
--------------------------------------------------------------
     0 | D:1      | KarmaPolice the High Elf Wizard began the quest for the Orb.
     0 | D:1      | Reached XP level 1. HP: 11/11 MP: 6/6
  1110 | D:1      | Reached XP level 2. HP: 17/17 MP: 5/7
  1113 | D:1      | Noticed a scorpion
  1120 | D:1      | Learned a level 2 spell: Blink
  1123 | D:1      | Learned a level 2 spell: Call Imp
  1362 | D:2      | Reached skill level 1 in Summonings
  1644 | D:2      | Learned a level 2 spell: Slow
  1798 | D:2      | Reached skill level 4 in Spellcasting
  2117 | D:2      | Found a glowing golden altar of the Shining One.
  2147 | D:2      | Reached XP level 3. HP: 21/21 MP: 0/9
  2455 | D:2      | Learned a level 3 spell: Mephitic Cloud
  2635 | D:3      | Noticed Rexou's ghost (weakling HEAM)
  3210 | D:3      | Reached XP level 4. HP: 22/27 MP: 3/11
  3270 | D:3      | Found a faded altar to an unknown god.
  3479 | D:4      | Noticed a phantom
  3872 | D:4      | Reached skill level 1 in Air Magic
  4173 | D:4      | Reached XP level 5. HP: 28/31 MP: 4/13
  4384 | D:4      | Noticed an ogre
  4423 | D:4      | Killed a phantom
  4423 | D:4      | Reached skill level 5 in Spellcasting
  4568 | D:4      | HP: 2/46 [ogre/giant club (9)]
  4570 | D:4      | Succumbed to a worker ant's poison

Skill      XL: |  1  2  3  4  5 |
---------------+----------------+-----
Summonings     | 1 2 |  2.7
Spellcasting   | 4 5 |  5.0
Conjurations   | 2 3 |  3.2
Air Magic      | 1 2 |  2.6
Dodging        | |  2.1
Stealth        | |  2.1
Hexes          | |  0.6
Translocations | |  1.1

Action                   |  1- 3 |  4- 6 || total
-------------------------+-------+-------++-------
Melee: Unarmed           |    65 |     4 ||    69
 Cast: Magic Dart        |    77 |    52 ||   129
       Call Imp          |    19 |    21 ||    40
       Blink             |     2 |       ||     2
       Slow              |       |     1 ||     1
  Use: Scroll            |       |     3 ||     3
       Potion            |       |     1 ||     1
 Stab: Sleeping          |     3 |       ||     3
  Eat: Chunk             |     7 |     4 ||    11
Armor: Robe              |    19 |     4 ||    23
       Skin              |       |     1 ||     1
Dodge: Dodged            |    68 |    19 ||    87
